 Dungeon Crawl Stone Soup version 0.30-a0-728-gc68057be0a (webtiles) character file.

Game seed: 10354301367199354289

499 Hubris850 the Conjurer (level 6, -1/32 HPs)
             Began as a Deep Elf Conjurer on Jan 30, 2023.
             Slain by a hornet (12 damage)
             ... on level 4 of the Dungeon.
             The game lasted 00:08:10 (3885 turns).

Hubris850 the Conjurer (Deep Elf Conjurer)          Turns: 3885, Time: 00:08:11

Health: -1/32      AC:  6    Str:  4    XL:     6   Next: 94%
Magic:  9/16       EV: 13    Int: 25    God:
Gold:   238        SH:  0    Dex: 13    Spells: 9/16 levels left

rFire   . . .      SeeInvis .    p - +1 short sword (venom)
rCold   . . .      Faith    .    (no shield)
rNeg    . . .      Spirit   .    a - +0 robe
rPois   +          Reflect  .    (no helmet)
rElec   .          Harm     .    (no cloak)
rCorr   .          Rampage  .    f - +0 pair of gloves
Will    .....                    r - +2 pair of boots
Stlth   +++                      (no amulet)
HPRegen 0.25/turn                o - ring of poison resistance
MPRegen 0.15/turn                (no ring)

@: lethally poisoned (-1 -> -7)
A: no striking features
a: no special abilities


You were on level 4 of the Dungeon.
You visited 1 branch of the dungeon, and saw 4 of its levels.

You collected 238 gold pieces.

Inventory:

Hand Weapons
 c - a +0 dagger
 n - a +2 dagger of distortion
 p - a +1 short sword of venom (weapon)
 x - a +2 spear of flaming
Missiles
 u - 3 throwing nets
Armour
 a - a +0 robe (worn)
 d - a scarf of harm
 f - a +0 pair of gloves (worn)
 r - a +2 pair of boots (worn)
Magical Staves
 s - a staff of fire
Jewellery
 o - a ring of poison resistance (left hand)
Wands
 v - a wand of light (16)
 w - a wand of iceblast (7)
Scrolls
 g - a scroll of magic mapping {unknown}
 h - 8 scrolls of identify {unknown}
 i - 2 scrolls of teleportation {unknown}
 k - a scroll of summoning {unknown}
 l - a scroll of acquirement {unknown}
 m - a scroll of enchant armour {unknown}
Potions
 b - a potion of magic
 e - 2 potions of might {unknown}
 j - a potion of berserk rage {unknown}
 q - 2 potions of curing {unknown}
 t - a potion of haste {unknown}


   Skills:
 - Level 3.5 Dodging
 - Level 5.0 Stealth
 + Level 5.8 Spellcasting
 + Level 6.3 Conjurations
 + Level 2.6 Hexes


You had 9 spell levels left.
You knew the following spells:

 Your Spells              Type           Power      Damage    Failure   Level
a - Magic Dart            Conj           100%       1d8       1%          1
b - Searing Ray           Conj           76%        2d7       1%          2
c - Fulminant Prism       Conj/Hex       14%        3d8       12%         4

Your spell library contained the following spells:

 Spells                   Type           Power      Damage    Failure   Level
 Dazzling Flash           Conj/Hex       58%        N/A       3%          3
 Apportation              Tloc           14%        N/A       8%          1
 Iskenderun's Mystic Bla  Conj/Tloc      23%        2d6       21%         4
 Vhi's Electric Charge    Tloc/Air       14%        N/A       22%         3
 Arcjolt                  Conj/Air       11%        1d21      50%         5
 Alistair's Intoxication  Tmut/Pois      4%         N/A       91%         5
 Maxwell's Capacitive Co  Air            3%         ∞         100%        8


Dungeon Overview and Level Annotations

Branches:
Dungeon (4/15)
 Temple: D:4-7

Altars:
Gozag
Hepliaklqana
Ru

Shops:
D:1 *


Message History

Press: ? - help, Shift-Dir - straight line, f - hornet
Aim: a hornet (asleep, 100% to hit)
The searing ray hits the hornet.
The hornet is lightly wounded.
The hornet buzzes angrily. (Press . to maintain the ray.)
The endoplasm quivers.
The ball python hisses angrily.
The searing ray hits the hornet.
The hornet is moderately wounded.
The hornet stings you!
The searing ray misses the hornet.
The hornet closely misses you.
The searing ray hits the hornet!
The hornet is heavily wounded.
You finish channelling your searing ray.
The hornet stings you but does no damage.
The hornet stings you.
You are poisoned.
Okay, then.
Casting: Searing Ray (safe; 1% risk of failure)
Confirm with . or Enter, or press ? or * to list all spells.
Okay, then.
Casting: Searing Ray (safe; 1% risk of failure)
Confirm with . or Enter, or press ? or * to list all spells.
Aiming: Magic Dart (safe; 1% risk of failure)
Press: ? - help, Shift-Dir - straight line, f/p - hornet
Aim: a hornet (heavily wounded, 100% to hit)
The magic dart hits the hornet.
The hornet is severely wounded.
You feel very sick. The hornet barely misses you.
Casting: Magic Dart (safe; 1% risk of failure)
Confirm with . or Enter, or press ? or * to list all spells.
Aiming: Magic Dart (safe; 1% risk of failure)
Press: ? - help, Shift-Dir - straight line, f/p - hornet
Aim: a hornet (severely wounded, 100% to hit)
The magic dart hits the hornet but does no damage.
The hornet is severely wounded.
You feel sick. The hornet stings you! x2
You die...

.# #...................#
#...... .#
#.....####.....####.# #.#####
.# #.....# ##...## #.####......
#####....# ##.## #...........
#.......## #.# ##.#.########
#........## +#.#+ ##..#.#
#.........###...###.....#
#.............8........##
#.........###..@###...##
##........## +#.#yJ##..#
.........## #.#S..##.#
.####.##.# ##.##...#.# #######
#####.##.# ##...##./#.# #......
..(......####.....####.#
#.#####
#####..................####.###
...####)###.###.#########.....#
##.# #.# #.#
#...#######.###<###


You could see a hornet, an endoplasm and a ball python.

Vanquished Creatures
  A black bear (D:3)
  A necrophage (D:4)
  2 scorpions
  A gnoll bouda (D:4)
  A hound (D:4)
  7 gnolls (D:4)
  2 adders
  A dart slug (D:1)
  An orc (D:3)
  3 ball pythons
  7 endoplasms
  6 giant cockroaches
  8 hobgoblins
  6 kobolds
  3 quokkas
  3 bats
  9 frilled lizards
  10 goblins
  6 rats
78 creatures vanquished.

Vanquished Creatures (others)
  A fulminant prism (D:4)
  A plant (D:1)
2 creatures vanquished.

Grand Total: 80 creatures vanquished

Notes
Turn   | Place    | Note
-------+----------+-------------------------------------------
     0 | D:1      | Hubris850 the Deep Elf Conjurer began the quest for the
                  | Orb.
     0 | D:1      | Reached XP level 1. HP: 10/10 MP: 6/6
   221 | D:1      | Reached XP level 2. HP: 15/15 MP: 1/8
   353 | D:1      | Found a faded altar of an unknown god.
   682 | D:1      | Found Hycage's Assorted Antiques.
   843 | D:1      | Reached XP level 3. HP: 19/19 MP: 7/10
   846 | D:1      | Learned a level 2 spell: Searing Ray
  2243 | D:3      | Reached XP level 4. HP: 24/24 MP: 9/11
  2361 | D:3      | Noticed a black bear
  2370 | D:3      | Killed a black bear
  2371 | D:3      | Reached skill level 5 in Conjurations
  2371 | D:3      | Reached XP level 5. HP: 28/28 MP: 3/13
  2684 | D:3      | Found an opulent altar of Gozag.
  2897 | D:4      | Found a hazy altar of Hepliaklqana.
  2915 | D:4      | Reached skill level 5 in Spellcasting
  2955 | D:4      | Learned a level 4 spell: Fulminant Prism
  3012 | D:4      | Reached XP level 6. HP: 32/32 MP: 10/15
  3020 | D:4      | Reached skill level 5 in Stealth
  3020 | D:4      | Reached skill level 1 in Hexes
  3218 | D:4      | Reached skill level 6 in Conjurations
  3275 | D:4      | Found a sacrificial altar of Ru.
  3879 | D:4      | Noticed a hornet
  3885 | D:4      | Slain by a hornet

Illustrated notes

Levels and vault maps discovered:
D:1:      dpeg_arrival_round_c, layout_rooms, serial_shops,
          nicolae_shop_overgrown_old_shop, chequers_ecumenical_altar_lobes,
          chequers_big_river
D:2:      layout_basic, minmay_between
D:3:      layout_loops_ring, mainiacjoe_overflow_six_doors_small
D:4:      cheibrodos_barr_body, layout_loops_ring, mainiacjoe_overflow_24_doors,
          nicolae_ru_sacrificial_ziggurat, lemuel_blue_sif_altar

Skill      XL: |  1  2  3  4  5  6 |
---------------+-------------------+-----
Stealth        | 3 4 5 |  5.0
Dodging        | 3 |  3.5
Spellcasting   | 4 5 |  5.8
Conjurations   | 5 6 |  6.3
Hexes          | 2 |  2.6

Action                     |  1- 3 |  4- 6 || total
---------------------------+-------+-------++-------
  Melee: Short sword       |       |     6 ||     6
   Cast: Magic Dart        |    79 |    68 ||   147
         Searing Ray       |       |     4 ||     4
         Fulminant Prism   |       |     1 ||     1
 Armour: Robe              |     1 |     5 ||     6
  Dodge: Dodged            |     5 |    15 ||    20

Table legend: (Time is in decaauts)
 A = Elapsed time spent in this place.
 B = Non-inter-level travel time spent in this place.
 C = Inter-level travel time spent in this place.
 D = Time resting spent in this place.
 E = Time spent auto-exploring this place.
 F = Levels seen in this place.
 G = Mean time per level.
                   A        B        C        D        E       F      G
               +--------+--------+--------+--------+--------+-----+--------+
         Total |   3895 |   3789 |    106 |    392 |   2981 |   4 |  973.8 |
       Dungeon |   3895 |   3789 |    106 |    392 |   2981 |   4 |  973.8 |
               +--------+--------+--------+--------+--------+-----+--------+

Top non-repeatable levels by time:
     D:1: 1136 daAuts
     D:4: 1045 daAuts
     D:2: 949 daAuts
     D:3: 763 daAuts
